[Event "Titled Tuesday Blitz April 25 Early 2023"]
[White "Albornoz Cabrera, Carlos Daniel"]
[Black "Roebers, Eline"]
[WhiteFideId "3518736"]
[BlackFideId "1058401"]
[WhiteElo "2516"]
[BlackElo "2498"]
[Result "0-1"]
[Round "03"]
[TimeControl "180+2"]
[Date "2023.04.25"]
[WhiteClock "0:01:07"]
[BlackClock "0:00:10"]

1. e4 c5 2. Nf3 e6 3. d4 cxd4 4. Nxd4 Nc6 5. Nc3 Nf6 6. a3 d6 7. Be3 Be7 8. f3 a6 9. Qd2 Bd7 10. O-O-O Rc8 11. g4 b5 12. h4 b4 13. Nxc6 bxc3 14. Qxc3 Rxc6 15. Qd2 Qc7 16. h5 O-O 17. g5 Rc8 18. Bd3 Ne8 19. f4 d5 20. g6 Nd6 21. exd5 exd5 22. Bd4 Ne4 23. gxh7+ Kh8 24. Qg2 Bf6 25. Bxf6 Qxf4+ 26. Kb1 Qxf6 27. Bxe4 dxe4 28. Rhf1 Bf5 29. h6 g6 30. c3 Rb6 31. Ka1 Rxc3 32. Rxf5 Rxa3+ 33. Kb1 Qxf5 34. Qc2 Rd3 35. Re1 Kxh7 36. Qc7 Rdb3 37. Re2 e3+ 38. Ka1 R3b5 39. b4 Rxb4 40. Rb2 Ra4+ 41. Ra2 Qb1# 0-1


[Site "https://www.chess.com"]

[Event "Titled Tuesday Blitz April 25 Early 2023"]
[White "Korelskiy, Egor"]
[Black "Weetik, Vjacheslav"]
[WhiteFideId "34329064"]
[BlackFideId "4153472"]
[WhiteElo "2186"]
[BlackElo "2469"]
[Result "0-1"]
[Round "03"]
[TimeControl "180+2"]
[Date "2023.04.25"]
[WhiteClock "0:00:02"]
[BlackClock "0:00:01"]

1. e4 c5 2. Nf3 Nc6 3. Bb5 g6 4. O-O Bg7 5. c3 Nf6 6. Re1 O-O 7. d4 d5 8. e5 Ne4 9. Bxc6 bxc6 10. Be3 Qb6 11. Qc1 Rb8 12. b3 Qa5 13. Nfd2 cxd4 14. cxd4 c5 15. Nxe4 dxe4 16. Nd2 cxd4 17. Bxd4 Bf5 18. Nxe4 Rfd8 19. Bc3 Qd5 20. Ng3 Be6 21. Qa3 Rbc8 22. Qb2 h5 23. h4 Bh6 24. Bb4 Qd3 25. Bxe7 Rc2 26. Qa3 Rdc8 27. Qd6 Qc3 28. Rad1 Rxa2 29. Bf6 Bf8 30. Qd3 Qxb3 31. Qxb3 Bxb3 32. Rd7 Be6 33. Rb7 a5 34. Ne4 Bd5 35. Ra7 Bxe4 36. Rxe4 Bc5 37. Ra6 Bf8 38. e6 Re8 39. exf7+ Kxf7 40. Ra7+ Kxf6 41. Rxe8 Bc5 42. Ra6+ Kf5 43. Rc8 Bb4 44. Kh2 Ke4 45. Re8+ Kd3 46. Rg8 Rxf2 47. Rgxg6 Kc3 48. Rgc6+ Kb3 49. Rh6 Rf4 50. Rxh5 a4 51. g3 Rc4 52. Rb5 a3 53. h5 a2 54. h6 Rc2+ 55. Kh3 Rc1 56. Kg2 a1=Q 57. Rxa1 Rxa1 58. h7 Ra8 59. g4 Rh8 60. Rb7 Kc4 61. g5 Bc3 62. g6 Kd5 63. Kg3 Ke6 64. Kg4 Kf6 65. Kh5 Kf5 66. Rf7+ Ke6 67. Ra7 Rc8 68. g7 Bxg7 69. Rxg7 Rc1 70. Kg5 Rg1+ 71. Kf4 Rh1 0-1


[Site "https://www.chess.com"]

[Event "Titled Tuesday Blitz April 25 Early 2023"]
[White "Goltseva, Ekaterina"]
[Black "Wong, Yinn Long"]
[WhiteFideId "24173770"]
[BlackFideId "5707684"]
[WhiteElo "2200"]
[BlackElo "2271"]
[Result "0-1"]
[Round "03"]
[TimeControl "180+2"]
[Date "2023.04.25"]
[WhiteClock "0:00:02"]
[BlackClock "0:01:16"]

1. d4 Nf6 2. c4 c5 3. d5 b5 4. cxb5 a6 5. bxa6 Bxa6 6. Nc3 d6 7. e4 Bxf1 8. Kxf1 g6 9. g3 Bg7 10. Kg2 O-O 11. Nf3 Qa5 12. Bd2 Qa6 13. a4 Nbd7 14. Qc2 e6 15. dxe6 fxe6 16. Ng5 Rae8 17. Nb5 Qc6 18. f3 d5 19. Rhe1 h6 20. exd5 exd5 21. Nh3 Ne5 22. Nf4 d4 23. Rf1 g5 24. Nd3 Nxf3 25. Rxf3 g4 26. Nxd4 gxf3+ 27. Kf1 Qe4 28. Nxc5 Qxd4 29. Rd1 Ng4 30. Be1 Ne3+ 0-1


[Site "https://www.chess.com"]

[Event "Titled Tuesday Blitz April 25 Early 2023"]
[White "Arifarsky"]
[Black "Begunov, Konstantin"]
[BlackFideId "4118510"]
[WhiteElo "2724"]
[BlackElo "2087"]
[Result "1-0"]
[Round "03"]
[TimeControl "180+2"]
[Date "2023.04.25"]
[WhiteClock "0:00:39"]
[BlackClock "0:00:04"]

1. e4 c5 2. Nf3 d6 3. d4 cxd4 4. Nxd4 Nf6 5. Nc3 a6 6. h3 b5 7. g4 Bb7 8. Bg2 e6 9. g5 b4 10. gxf6 bxc3 11. bxc3 gxf6 12. Rb1 Qc7 13. Bd2 Nd7 14. Qh5 Nc5 15. f3 d5 16. Qh4 Rg8 17. Bf1 dxe4 18. Qxf6 exf3 19. Bf4 Bd6 20. Bb5+ axb5 21. Nxb5 Bxf4 22. Nxc7+ Bxc7 23. Rxb7 Nxb7 24. Qxf3 O-O-O 25. Ke2 Rg3 26. Qxf7 Rxc3 27. Qxe6+ Kb8 28. Rb1 Rxc2+ 29. Kf3 Rf8+ 30. Ke3 Rc3+ 31. Kd2 1-0


[Site "https://www.chess.com"]

[Event "Titled Tuesday Blitz April 25 Early 2023"]
[White "Toncheva, Nadya"]
[Black "Mirzoev, Azer"]
[WhiteFideId "2924056"]
[BlackFideId "13400304"]
[WhiteElo "2101"]
[BlackElo "2525"]
[Result "0-1"]
[Round "03"]
[TimeControl "180+2"]
[Date "2023.04.25"]
[WhiteClock "0:00:04"]
[BlackClock "0:00:10"]

1. e4 c6 2. d4 d5 3. Nc3 dxe4 4. Nxe4 Bf5 5. Ng3 Bg6 6. h4 h6 7. Nf3 e6 8. Ne5 Bh7 9. Bd3 Bxd3 10. Qxd3 Nf6 11. Bd2 Nbd7 12. f4 c5 13. O-O-O cxd4 14. Qxd4 Qb6 15. Qa4 Qa6 16. Qxa6 bxa6 17. Nxd7 Nxd7 18. Ne4 Rc8 19. Kb1 Nc5 20. Nxc5 Bxc5 21. Bc3 O-O 22. Rd7 Bb6 23. Rhd1 Rc4 24. Be5 Rfc8 25. c3 h5 26. R1d3 Re4 27. Rb7 Re1+ 28. Kc2 Re2+ 29. Kb3 Rxg2 30. Rdd7 f6 31. Bb8 Rc6 32. a4 a5 33. Ka2 Rxc3 34. Bxa7 Bxa7 35. Rxa7 Rcc2 36. Rdb7 Rc4 37. Rxa5 Rxf4 38. Raa7 e5 39. Ka3 Rxh4 40. a5 Rh1 41. a6 Ra1+ 42. Kb3 h4 43. Ra8+ Kh7 44. a7 h3 45. Rbb8 Kg6 46. Rh8 h2 47. Kc4 e4 48. Rae8 Rxa7 49. Rxe4 Ra4+ 50. Kd3 Rxe4 51. Kxe4 Rxb2 52. Kf3 f5 53. Kg3 Kg5 54. Rh7 g6 55. Kf3 Kf6 56. Kf4 g5+ 57. Kf3 g4+ 58. Kg3 Rb3+ 59. Kxh2 Kg5 60. Kg2 Kf4 61. Ra7 Rb2+ 62. Kg1 Kg3 63. Ra3+ Kh4 64. Rc3 f4 65. Kh1 f3 66. Rc1 g3 67. Ra1 Kh3 68. Kg1 Rg2+ 69. Kh1 Rh2+ 70. Kg1 f2+ 0-1


[Site "https://www.chess.com"]

[Event "Titled Tuesday Blitz April 25 Early 2023"]
[White "Averjanov, Alexey"]
[Black "Garcia Almaguer, Juan Manuel"]
[WhiteFideId "14109867"]
[BlackFideId "5110491"]
[WhiteElo "2701"]
[BlackElo "2117"]
[Result "1-0"]
[Round "03"]
[TimeControl "180+2"]
[Date "2023.04.25"]
[WhiteClock "0:00:18"]
[BlackClock "0:00:07"]

1. d4 Nf6 2. c4 e6 3. Nf3 d5 4. e3 Be7 5. Nbd2 O-O 6. Bd3 b6 7. O-O Bb7 8. Qe2 Ne4 9. b3 Nc3 10. Qe1 f5 11. Bb2 Ne4 12. cxd5 exd5 13. Qe2 Nd7 14. Ne5 Nxe5 15. dxe5 a5 16. f4 Nc5 17. Rfd1 a4 18. Rab1 Qd7 19. Kh1 Qe6 20. Bc2 Ba6 21. Qf3 Ne4 22. bxa4 g5 23. Nxe4 fxe4 24. Qf2 c5 25. Bb3 Rad8 26. Rd2 Bd3 27. Rbd1 c4 28. Bc2 gxf4 29. exf4 Bc5 30. Qh4 Rd7 31. Bxd3 cxd3 32. h3 Rg7 33. Rf1 Be3 34. Rdd1 d4 35. Ba3 Rc8 36. f5 Qxe5 37. f6 Rxg2 38. f7+ Kg7 39. f8=Q+ Rxf8 40. Bxf8+ 1-0


[Site "https://www.chess.com"]

[Event "Titled Tuesday Blitz April 25 Early 2023"]
[White "Dimitrov, Atanas"]
[Black "Karas, Marek"]
[WhiteFideId "2901315"]
[BlackFideId "14928558"]
[WhiteElo "2698"]
[BlackElo "2233"]
[Result "1-0"]
[Round "03"]
[TimeControl "180+2"]
[Date "2023.04.25"]
[WhiteClock "0:00:41"]
[BlackClock "0:00:41"]

1. Nf3 Nf6 2. c4 e6 3. Nc3 Bb4 4. Qc2 c5 5. e3 O-O 6. Be2 b6 7. O-O Bb7 8. b3 Bxc3 9. Qxc3 Ne4 10. Qc2 d5 11. d3 Nf6 12. Bb2 Nbd7 13. Rfd1 Qe7 14. d4 cxd4 15. Nxd4 Rac8 16. Qd2 Ne4 17. Qe1 Ndf6 18. Rac1 Rfd8 19. h3 dxc4 20. Bxc4 Nc5 21. Ne2 Rxd1 22. Rxd1 Rd8 23. Nd4 h6 24. Ba3 e5 25. Nf5 Rxd1 26. Qxd1 Qd7 27. Qxd7 Nfxd7 28. Nd6 Be4 29. Bxc5 Nxc5 30. b4 Bg6 31. bxc5 bxc5 32. Nb7 Kf8 33. Nxc5 Ke7 34. Bd3 f5 35. Nb3 Kf6 36. f3 Bf7 37. Kf2 a5 38. Nxa5 Bxa2 39. Bc4 Bb1 40. Ke2 f4 41. e4 g5 42. Kd2 g4 43. hxg4 Kg5 44. Kc1 Bxe4 45. fxe4 Kxg4 46. Be2+ Kg3 47. Bf3 h5 48. Nc4 h4 49. Nxe5 Kf2 50. Kd2 Kg3 51. Ke2 Kh2 52. Ng6 Kg3 53. e5 h3 54. gxh3 Kh2 55. e6 Kg3 56. e7 Kh2 57. e8=Q Kg3 58. Qb8 Kh2 59. Qxf4+ Kg1 60. Qg3# 1-0


[Site "https://www.chess.com"]

[Event "Titled Tuesday Blitz April 25 Early 2023"]
[White "Petukhov, Dmitry"]
[Black "Spata, German"]
[WhiteFideId "4142748"]
[BlackFideId "113026"]
[WhiteElo "2311"]
[BlackElo "2238"]
[Result "0-1"]
[Round "03"]
[TimeControl "180+2"]
[Date "2023.04.25"]
[WhiteClock "0:00:01"]
[BlackClock "0:00:03"]

1. e4 c5 2. c3 e6 3. d4 d5 4. e5 Bd7 5. Nf3 Qb6 6. a3 Bb5 7. c4 Bxc4 8. Bxc4 dxc4 9. d5 exd5 10. Qxd5 Ne7 11. Qxc4 Nbc6 12. O-O Ng6 13. Nc3 Be7 14. Nd5 Qd8 15. Be3 O-O 16. Bxc5 Bxc5 17. Qxc5 Re8 18. Rad1 Ngxe5 19. Nxe5 Rxe5 20. Qc4 Rc8 21. Qd3 h6 22. h3 Qe8 23. Ne3 Qe6 24. Qd7 Qxd7 25. Rxd7 Re7 26. Rfd1 Kf8 27. Nf5 Rxd7 28. Rxd7 Rb8 29. g4 Ne5 30. Rc7 a6 31. Nd6 b5 32. f4 Nc4 33. Rxf7+ Kg8 34. Rd7 Nxd6 35. Rxd6 Rc8 36. Rxa6 Rc1+ 37. Kf2 Rc2+ 38. Kg3 Rxb2 39. f5 Rb3+ 40. Kh4 Kh7 41. Ra7 Kg8 42. Kh5 Rc3 43. f6 Rc5+ 44. Kh4 gxf6 45. Rb7 Kh8 46. Rf7 Rc6 47. Kh5 Kg8 48. Rb7 Rc3 49. h4 Rc4 50. Rxb5 Kf7 51. Rb7+ Ke6 52. Ra7 Rc3 53. a4 Rc8 54. a5 Rg8 55. a6 Ke5 56. Re7+ Kf4 57. a7 Ra8 58. Rg7 f5 59. gxf5 Kxf5 60. Kxh6 Kf6 61. h5 Rh8+ 62. Rh7 Ra8 63. Rb7 Rh8+ 0-1


[Site "https://www.chess.com"]

[Event "Titled Tuesday Blitz April 25 Early 2023"]
[White "Huber, Benedikt"]
[Black "Prohaszka, Peter"]
[WhiteFideId "12923583"]
[BlackFideId "726265"]
[WhiteElo "2199"]
[BlackElo "2626"]
[Result "1-0"]
[Round "03"]
[TimeControl "180+2"]
[Date "2023.04.25"]
[WhiteClock "0:00:27"]
[BlackClock "0:00:03"]

1. d4 d5 2. Nc3 Nf6 3. Bf4 e6 4. Nb5 Na6 5. e3 c6 6. Nc3 Bd6 7. Bxd6 Qxd6 8. Bxa6 bxa6 9. Nf3 Rb8 10. Na4 Ne4 11. O-O c5 12. Nd2 cxd4 13. exd4 Nxd2 14. Qxd2 Qb4 15. Qf4 Rb5 16. b3 O-O 17. c3 Qe7 18. Nc5 e5 19. Qe3 e4 20. f3 f5 21. fxe4 dxe4 22. c4 Rb6 23. Na4 Rbf6 24. Nc3 h6 25. Nd5 Qd6 26. Nxf6+ Rxf6 27. d5 Qe5 28. Rad1 f4 29. Qd4 Qf5 30. d6 Rf7 31. c5 Bd7 32. Qd5 e3 33. Qxf5 Rxf5 34. c6 e2 35. cxd7 Rf8 36. Rc1 exf1=Q+ 37. Kxf1 Rd8 38. Rc8 1-0


[Site "https://www.chess.com"]

[Event "Titled Tuesday Blitz April 25 Early 2023"]
[White "Girya, Olga"]
[Black "Romkachess"]
[WhiteFideId "4195752"]
[WhiteElo "2263"]
[BlackElo "2486"]
[Result "1-0"]
[Round "03"]
[TimeControl "180+2"]
[Date "2023.04.25"]
[WhiteClock "0:01:58"]
[BlackClock "0:00:23"]

1. d4 Nf6 2. Nf3 e6 3. c4 b6 4. g3 Bb7 5. Bg2 Bb4+ 6. Bd2 Be7 7. O-O O-O 8. Nc3 c6 9. Qb3 d5 10. Bf4 Nbd7 11. cxd5 Nxd5 12. Nxd5 cxd5 13. Rfc1 Rc8 14. Qa4 a6 15. Rxc8 Bxc8 16. Qc6 b5 17. Rc1 Nf6 18. Bc7 Qd7 19. Ne5 Qxc6 20. Nxc6 Re8 21. Nxe7+ 1-0


[Site "https://www.chess.com"]

[Event "Titled Tuesday Blitz April 25 Early 2023"]
[White "Goldin, Alexander"]
[Black "Shaik Sumer Arsh"]
[WhiteFideId "2019540"]
[BlackFideId "45020000"]
[WhiteElo "2657"]
[BlackElo "2350"]
[Result "1-0"]
[Round "03"]
[TimeControl "180+2"]
[Date "2023.04.25"]
[WhiteClock "0:00:25"]
[BlackClock "0:00:27"]

1. d4 Nf6 2. Nf3 d5 3. c4 e6 4. Nc3 Bb4 5. Qb3 c5 6. cxd5 Qxd5 7. Qxd5 Nxd5 8. Bd2 cxd4 9. Nxd5 Bxd2+ 10. Kxd2 exd5 11. Nxd4 Nc6 12. Nb3 b6 13. e3 O-O 14. Rc1 Ne5 15. Nd4 Bd7 16. Ba6 Rae8 17. Rc7 Bf5 18. f3 Bc8 19. Bb5 Rd8 20. Rxa7 Bd7 21. Bxd7 Rxd7 22. Rxd7 Nxd7 23. Rc1 Ne5 24. b3 g6 25. a4 h5 26. h4 Nd7 27. Rc7 Nc5 28. Rc6 Rb8 29. Rd6 Kf8 30. Rxd5 Ke7 31. Nc6+ Ke6 32. Re5+ Kd6 33. Nxb8 Kxe5 34. Kc3 Kd5 35. Kb4 f5 36. Kb5 Nxb3 37. Kxb6 Nd2 38. a5 Nc4+ 39. Kb5 Nxa5 40. Kxa5 Ke5 41. Nc6+ Kd5 42. Ne7+ Ke6 43. Nxg6 Kf6 44. Nf4 Ke5 45. Nxh5 Ke6 46. Nf4+ Kf6 47. h5 Kg5 48. Kb5 Kh6 49. Kc5 Kg5 50. Kd5 Kf6 51. Kd6 Kg5 52. Ke5 Kh4 53. Kxf5 Kg3 54. h6 Kh2 55. h7 Kg1 56. h8=Q Kf2 57. e4 Kg1 58. e5 Kf2 59. e6 Kg1 60. e7 Kf1 61. e8=Q Kg1 62. Qe1# 1-0


[Site "https://www.chess.com"]

[Event "Titled Tuesday Blitz April 25 Early 2023"]
[White "Seo, Jung Min"]
[Black "Fieberg, Samuel"]
[WhiteFideId "1734687"]
[BlackFideId "12901717"]
[WhiteElo "2468"]
[BlackElo "2483"]
[Result "1-0"]
[Round "03"]
[TimeControl "180+2"]
[Date "2023.04.25"]
[WhiteClock "0:02:02"]
[BlackClock "0:00:53"]

1. d4 d5 2. c4 e6 3. Nc3 c5 4. cxd5 exd5 5. dxc5 d4 6. Na4 b5 7. cxb6 axb6 8. b3 b5 9. Nb2 Bb4+ 10. Bd2 Bc3 11. Bxc3 dxc3 12. Qxd8+ Kxd8 13. Nd3 Nc6 14. e3 Nge7 15. Nf3 Kc7 16. Be2 b4 17. O-O f6 18. Rfc1 Ra3 19. Nfe1 Bf5 20. Nc2 Bxd3 21. Bxd3 Ra5 22. a3 bxa3 23. Rxa3 Rha8 24. Rxa5 Rxa5 25. b4 Rd5 26. Ne1 Nxb4 27. Rxc3+ Kd6 28. Kf1 Nxd3 29. Nxd3 Nc6 30. Rxc6+ Kxc6 31. Nb4+ Kc5 32. Nxd5 Kxd5 33. Ke2 Ke4 34. f3+ Ke5 35. Kd3 h5 36. h4 g6 37. g3 Kd5 38. e4+ Ke5 39. Ke3 f5 40. f4+ Ke6 41. e5 Kd5 42. Kd3 Kc5 43. Kc3 Kd5 44. Kb4 Ke6 45. Kc5 Ke7 46. Kd5 Kd7 47. e6+ Ke7 48. Ke5 1-0


[Site "https://www.chess.com"]

[Event "Titled Tuesday Blitz April 25 Early 2023"]
[White "Hua, Lefong"]
[Black "Garv Gaur"]
[WhiteFideId "2602253"]
[BlackFideId "45030839"]
[WhiteElo "2650"]
[BlackElo "2068"]
[Result "1-0"]
[Round "03"]
[TimeControl "180+2"]
[Date "2023.04.25"]
[WhiteClock "0:00:37"]
[BlackClock "0:00:46"]

1. d4 Nf6 2. c4 e6 3. Nc3 Bb4 4. f3 d5 5. a3 Bxc3+ 6. bxc3 c5 7. cxd5 Nxd5 8. dxc5 Qa5 9. e4 Ne7 10. Be3 O-O 11. Qb3 Na6 12. Bxa6 Qxa6 13. Ne2 e5 14. a4 Be6 15. Qb5 Bc4 16. Qxa6 Bxa6 17. Kf2 Rac8 18. Rhd1 f5 19. Rd7 Nc6 20. exf5 Rxf5 21. Ng3 Rff8 22. Ne4 Na5 23. Rad1 Bc4 24. Nd6 Rc6 25. Nxc4 Nxc4 26. Rxb7 Nxe3 27. Kxe3 Rxc5 28. Rdd7 Rfc8 29. Rxg7+ Kh8 30. Rxh7+ Kg8 31. Rbg7+ Kf8 32. Rxa7 Rxc3+ 33. Kf2 Kg8 34. Rag7+ Kf8 35. Rf7+ Kg8 36. Rhg7+ Kh8 37. Rg5 Rc2+ 38. Kg3 e4 39. Rf4 R2c7 40. Rh4+ Rh7 41. Rxe4 Ra8 42. h4 Rha7 43. a5 Kh7 44. Re6 Rf8 45. a6 Rfa8 46. Rb6 Kh8 47. Rgg6 Kh7 48. h5 Kh8 49. Kg4 Rd8 50. Rb7 Rf8 51. Rh6+ Kg8 52. Rxa7 1-0


[Site "https://www.chess.com"]

[Event "Titled Tuesday Blitz April 25 Early 2023"]
[White "Bryant, John Daniel"]
[Black "Manukian, Artak"]
[WhiteFideId "2031280"]
[BlackFideId "13301373"]
[WhiteElo "2455"]
[BlackElo "2130"]
[Result "1-0"]
[Round "03"]
[TimeControl "180+2"]
[Date "2023.04.25"]
[WhiteClock "0:00:03"]
[BlackClock "0:00:03"]

1. e4 c6 2. Nf3 d5 3. Nc3 dxe4 4. Nxe4 Nf6 5. Qe2 Nxe4 6. Qxe4 Nd7 7. Bc4 Nf6 8. Ne5 e6 9. Qe2 b5 10. Bb3 a5 11. a4 Qb6 12. O-O Be7 13. d4 O-O 14. Bg5 Ra7 15. Qf3 Rc7 16. Rfe1 Bb7 17. Nxf7 Rxf7 18. Bxe6 c5 19. Qb3 c4 20. Qxb5 Qxb5 21. axb5 Bd5 22. Bxf7+ Kxf7 23. Re5 Rd7 24. Rxa5 h6 25. Bh4 g5 26. Bg3 Ng4 27. Re1 Bf6 28. c3 h5 29. h3 h4 30. Bb8 Nh6 31. b6 Bb7 32. Ra7 Nf5 33. Bc7 Bd5 34. Be5 Rxa7 35. bxa7 Bd8 36. Ra1 Ba8 37. Ra6 Ne7 38. Rd6 Ke8 39. Rh6 Nc6 40. Bb8 Kd7 41. Rh8 Bf6 42. Rg8 Ne7 43. Rf8 Bg7 44. Rf7 Bh6 45. Be5 1-0


[Site "https://www.chess.com"]

[Event "Titled Tuesday Blitz April 25 Early 2023"]
[White "Staudenhocker43"]
[Black "Wieczorek, Oskar"]
[BlackFideId "1133950"]
[WhiteElo "2470"]
[BlackElo "2418"]
[Result "0-1"]
[Round "03"]
[TimeControl "180+2"]
[Date "2023.04.25"]
[WhiteClock "0:00:15"]
[BlackClock "0:00:06"]

1. e4 c5 2. Nf3 e6 3. c3 d5 4. exd5 exd5 5. d4 Nc6 6. Bb5 Nf6 7. O-O Be6 8. Re1 a6 9. Bxc6+ bxc6 10. Qa4 Qb6 11. Be3 c4 12. Ne5 Qb5 13. Qc2 Bd6 14. Na3 Qb7 15. Bg5 O-O 16. Bxf6 gxf6 17. Nf3 Rab8 18. Re2 Kh8 19. Rae1 Rg8 20. Nh4 c5 21. Nf5 Bf8 22. Nb1 Rg5 23. Nh4 cxd4 24. cxd4 Bd6 25. Nc3 Rbg8 26. g3 Qb8 27. Ng2 Bf5 28. Qd2 Bd3 29. Re3 f5 30. Nxd5 f4 31. Rxd3 Rxd5 32. Rf3 Bb4 33. Qxf4 Bxe1 34. Nxe1 Qxf4 35. Rxf4 Rb8 36. Rxf7 Rxb2 37. Nf3 Ra5 38. Rc7 Raxa2 39. Rxc4 Rxf2 40. Rc8+ Kg7 41. Rc7+ Kf8 42. Ng5 Rg2+ 43. Kf1 Rxh2 44. Ne6+ Kg8 45. Rg7+ Kh8 46. Rf7 Rh1# 0-1


[Site "https://www.chess.com"]

[Event "Titled Tuesday Blitz April 25 Early 2023"]
[White "Sviridov, Valery"]
[Black "Sliwicki, Damian"]
[WhiteFideId "4120680"]
[BlackFideId "1127128"]
[WhiteElo "2457"]
[BlackElo "2030"]
[Result "1-0"]
[Round "03"]
[TimeControl "180+2"]
[Date "2023.04.25"]
[WhiteClock "0:00:26"]
[BlackClock "0:00:03"]

1. d4 c5 2. Nf3 cxd4 3. Nxd4 Nf6 4. c4 g6 5. Nc3 Nc6 6. g3 Bg7 7. Bg2 O-O 8. O-O Nxd4 9. Qxd4 d6 10. b3 Bf5 11. Bb2 Ne4 12. Qe3 Nxc3 13. Bxc3 Qc7 14. Bxg7 Kxg7 15. Rac1 a5 16. h4 h5 17. c5 dxc5 18. Rxc5 Qd7 19. Qc3+ Kg8 20. Rc7 Qe6 21. e4 Bh3 22. Bxh3 Qxh3 23. Rxe7 a4 24. Rxb7 axb3 25. axb3 Ra2 26. Ra1 Rc8 27. Qf6 Qe6 28. Qd4 Rxa1+ 29. Qxa1 Qxe4 30. Ra7 Qf3 31. Qb2 Rd8 32. Ra1 Re8 33. b4 Kh7 34. b5 Re2 35. Qd4 Qb7 36. b6 Re4 37. Qb2 Re6 38. Rb1 Rc6 39. Qb5 Re6 40. Qc5 Rc6 41. Qxc6 Qxc6 42. b7 Qe4 43. b8=Q Qe6 44. Qf4 g5 45. Qxg5 Qe4 46. Qxh5+ Kg7 47. Qg5+ Kh7 48. Rd1 Qe2 49. Qd2 Qf3 50. Qd3+ Qxd3 51. Rxd3 Kg6 52. Rd5 f5 53. Kg2 Kh5 54. Kf3 Kg6 55. Kf4 1-0


[Site "https://www.chess.com"]

[Event "Titled Tuesday Blitz April 25 Early 2023"]
[White "Manukyan, Sargis A."]
[Black "Hajiyev, Kanan"]
[WhiteFideId "13303970"]
[BlackFideId "13404148"]
[WhiteElo "2187"]
[BlackElo "2103"]
[Result "1-0"]
[Round "03"]
[TimeControl "180+2"]
[Date "2023.04.25"]
[WhiteClock "0:00:18"]
[BlackClock "0:00:02"]

1. d4 d5 2. c4 c6 3. Nc3 Nf6 4. e3 Bf5 5. cxd5 Nxd5 6. Bc4 e6 7. Nge2 Be7 8. O-O O-O 9. Ng3 Bg6 10. e4 Nxc3 11. bxc3 c5 12. f4 h6 13. f5 exf5 14. exf5 Bh7 15. Qg4 Kh8 16. Nh5 Bf6 17. dxc5 Bxc3 18. Rd1 Qc8 19. Bd2 Qxc5+ 20. Kh1 Bxf5 21. Qg3 Be5 22. Bf4 Bxa1 23. Rxa1 Bg6 24. Bxf7 Bxh5 25. Bd6 Qd4 26. Be5 Qxa1+ 27. Bxa1 Rxf7 28. h4 Nc6 29. Kh2 Raf8 30. a4 a5 31. Bc3 Kh7 32. Qd3+ Bg6 33. Qb5 h5 34. Ba1 Re8 35. Qb2 Re4 36. Qb5 Rxh4+ 37. Kg3 Rg4+ 38. Kh2 Rb4 39. Qd5 Rxa4 40. Bb2 Rb4 41. Bc1 Rh4+ 42. Kg3 Rg4+ 43. Kh2 Be4 44. Qxh5+ Kg8 45. Qxg4 Bf5 46. Qc4 Kh7 47. Qxf7 1-0


[Site "https://www.chess.com"]

[Event "Titled Tuesday Blitz April 25 Early 2023"]
[White "Jaskolka, Tomasz"]
[Black "Kucuksari, Kaan"]
[WhiteFideId "1170791"]
[BlackFideId "6380166"]
[WhiteElo "2155"]
[BlackElo "2364"]
[Result "0-1"]
[Round "03"]
[TimeControl "180+2"]
[Date "2023.04.25"]
[WhiteClock "0:00:05"]
[BlackClock "0:01:10"]

1. d4 d5 2. Bf4 Nf6 3. e3 e6 4. c3 Bd6 5. Bg3 O-O 6. Nf3 b6 7. Nbd2 Bb7 8. Bd3 c5 9. Ne5 Nc6 10. f4 Ne7 11. Bh4 Nf5 12. Bxf6 Qxf6 13. Nd7 Qh4+ 14. g3 Nxg3 15. Nf3 Qh3 16. Rg1 Ne4 17. Nxf8 Rxf8 18. Qe2 cxd4 19. Nxd4 Qh4+ 20. Kd1 Nf2+ 21. Kc2 Ne4 22. Rg4 Qf2 23. Bxe4 Qxe2+ 24. Nxe2 dxe4 25. Rag1 g6 26. Nd4 Ba6 27. h4 Bd3+ 28. Kd2 f5 29. R4g3 e5 30. fxe5 Bxe5 31. R3g2 f4 32. exf4 Bxf4+ 33. Kd1 Be3 34. Re1 Bf2 35. Rh1 e3 36. Rhh2 Bxh4 37. Rg1 Bf2 38. Rgh1 h5 39. Ne6 Rf6 40. Ng5 Rd6 41. Kc1 Bf5 42. Nf3 Be4 43. Rh3 e2 44. Ne1 Rd1# 0-1


[Site "https://www.chess.com"]

[Event "Titled Tuesday Blitz April 25 Early 2023"]
[White "Chernobay, Artem"]
[Black "Khamdamova, Afruza"]
[WhiteFideId "4167406"]
[BlackFideId "14210444"]
[WhiteElo "2474"]
[BlackElo "2210"]
[Result "1/2-1/2"]
[Round "03"]
[TimeControl "180+2"]
[Date "2023.04.25"]
[WhiteClock "0:00:08"]
[BlackClock "0:00:03"]

1. e4 e5 2. Nc3 Nf6 3. f4 d5 4. fxe5 Nxe4 5. Qf3 Nxc3 6. dxc3 Bc5 7. Bf4 O-O 8. O-O-O Be6 9. Qg3 Kh8 10. Nf3 Nc6 11. Bd3 f6 12. exf6 Qxf6 13. Bg5 Qf7 14. Rhf1 Qd7 15. Qh4 Bf5 16. Bb5 Rae8 17. Kb1 a6 18. Ba4 b5 19. Bb3 Be4 20. Bc1 Na5 21. Ng5 Nxb3 22. Rxf8+ Bxf8 23. axb3 Qf5 24. Nxe4 dxe4 25. Be3 h6 26. Rd8 Qf7 27. Rxe8 Qxe8 28. Qg4 Kh7 29. h4 Qg6 30. Qd7 Qxg2 31. h5 Qh1+ 32. Ka2 Qxh5 33. Qxc7 Qe2 34. Bd4 h5 35. Qf7 Qf3 36. Qe6 h4 37. Qe5 h3 38. Qg5 Kg8 39. Qd5+ Kh7 40. Qg5 Kg8 41. Bg1 Bd6 42. Qd5+ Kh7 43. Qxd6 e3 44. Qe5 e2 45. Bd4 Qf7 46. Qxe2 Qg6 47. Qh2 Qg2 48. Qf4 h2 49. Qh4+ Kg8 50. Qd8+ Kh7 51. Qh4+ Kg8 52. Qd8+ Kh7 53. Qh4+ 1/2-1/2


[Site "https://www.chess.com"]

[Event "Titled Tuesday Blitz April 25 Early 2023"]
[White "WindWhistler11"]
[Black "KRUMMEL2008"]
[WhiteElo "2464"]
[BlackElo "2639"]
[Result "1-0"]
[Round "03"]
[TimeControl "180+2"]
[Date "2023.04.25"]
[WhiteClock "0:00:58"]
[BlackClock "0:00:05"]

1. Nf3 Nf6 2. g3 g6 3. Bg2 Bg7 4. O-O O-O 5. b3 b6 6. Bb2 Bb7 7. d4 d6 8. Nbd2 c5 9. Re1 cxd4 10. Bxd4 Ne4 11. Bxg7 Kxg7 12. Nxe4 Bxe4 13. Qd4+ e5 14. Qxe4 Nd7 15. Rad1 Qc7 16. Qd3 Rad8 17. Qxd6 Qxc2 18. Nxe5 Nf6 19. Qxd8 Rxd8 20. Rxd8 Qxa2 21. Rd3 Qa5 22. Nf3 Ne4 23. Rc1 Nc5 24. Rdc3 Qb4 25. Nd2 a5 26. Bd5 a4 27. bxa4 Nxa4 28. R3c2 Nc5 29. Nf3 Qa3 30. Rb1 Na4 31. Rc7 Qd6 32. Rxf7+ Kh6 33. Bb3 Nc3 34. Rb2 Nd1 35. Bxd1 Qxd1+ 36. Kg2 Qd5 37. Rf4 b5 38. Rh4+ Kg7 39. Rhb4 Qd6 40. Rxb5 h5 41. Rb6 Qd5 42. R2b5 Qe4 43. Re5 Qa8 44. Re7+ Kh6 45. Ree6 Kh7 46. Rxg6 h4 47. Rh6+ Kg7 48. Rxh4 Qd5 49. Ra4 Kg8 50. Ra7 Kf8 51. Rb8+ Qd8 52. Rxd8# 1-0


[Site "https://www.chess.com"]

[Event "Titled Tuesday Blitz April 25 Early 2023"]
[White "Domingo Nunez, Ruben"]
[Black "Estrada Nieto, Julian"]
[WhiteFideId "22245570"]
[BlackFideId "5101018"]
[WhiteElo "2404"]
[BlackElo "2161"]
[Result "1-0"]
[Round "03"]
[TimeControl "180+2"]
[Date "2023.04.25"]
[WhiteClock "0:01:01"]
[BlackClock "0:00:01"]

1. b3 d5 2. Bb2 Nf6 3. Nf3 Bg4 4. c4 e6 5. h3 Bxf3 6. exf3 Nbd7 7. g3 g6 8. Bg2 Bg7 9. O-O O-O 10. Qe2 c6 11. Nc3 Ne8 12. d3 a5 13. Rac1 Nd6 14. Ba3 Qb8 15. Rfd1 Re8 16. Bb2 Nf5 17. Na4 Bxb2 18. Nxb2 Qa7 19. Kh2 Rac8 20. f4 Qd4 21. Re1 h5 22. h4 Nf6 23. Bf3 Kg7 24. Kg2 Re7 25. Nd1 Rce8 26. Ne3 Nh6 27. Nc2 Qc5 28. d4 Qd6 29. Qe5 Rd8 30. c5 Qxe5 31. fxe5 Nd7 32. b4 axb4 33. Rb1 Ra8 34. Nxb4 Nf5 35. Red1 Nb8 36. Rb2 Na6 37. Nc2 Nc7 38. Be2 1-0


[Site "https://www.chess.com"]